AoeStats
← Random

Arabia

504402815Analyzed
4v4 RM · 28d ago on Sep 5, 2026· 17m 20s· 8 players
Game mode
Random Map
Map size
Large (8 player)
Population
200
Speed
Normal
Resources
Standard
Victory
Conquest
Starting age
Dark Age
Ending age
Imperial Age
RankedLock teamsTeams togetherTeam positionsShared explorationLock speedFull tech treeHidden civsTurbo modeCheats
Victory
Defeat
🇨🇷 Portuguese · Costa Rica
1814
+6
🇨🇷 Mongols · Costa Rica
1734
+8
🇨🇷 Berbers · Costa Rica
1714
+9
🇨🇷 Wei · Costa Rica
1706
+9
🇦🇺 Celts · Australia
1600
-9
🇹🇼 Khitans · Taiwan
1590
-9
🇺🇸 Ethiopians · United States
1574
-9
🇦🇷 Bulgarians · Argentina
1434
-5
TheHobbalution
7:36 Loom
9:53 Feudal Age
11:39 Horse Collar
11:46 Double-Bit Axe
17:20 Scale Barding Armor
Random
6:18 Loom
8:57 Feudal Age
13:22 Fletching
15:49 Padded Archer Armor
鼠條
5:46 Loom
9:18 Feudal Age
Owen Guillermo Crippa
6:39 Loom
9:15 Feudal Age
9:47 Double-Bit Axe
15:04 Scale Barding Armor
DS_John III
6:25 Loom
8:56 Feudal Age
9:32 Double-Bit Axe
9:29 Horse Collar
12:19 Forging
CR | Harahgon
5:57 Loom
8:33 Feudal Age
9:16 Double-Bit Axe
15:36 Scale Barding Armor
CR | Domador de Puercas
6:13 Loom
9:17 Feudal Age
9:49 Double-Bit Axe
14:10 Fletching
15:50 Town Watch
17:21 Wheelbarrow
salserin con mucho swin
5:30 Loom
8:26 Feudal Age
9:26 Double-Bit Axe
13:05 Fletching
Connection lost

Rejoining the realm…

Still unreachable

The connection could not be restored.

Session expired

The server has moved on; the page needs a fresh start.